 Dungeon Crawl Stone Soup version 0.28.0-53-g5a82cb258f (webtiles) character file.

Game seed: 14217342686065997514

9155 Zyrden the Frost Mage (level 11, -24/70 (73) HPs)
             Began as a Demonspawn Ice Elementalist on July 11, 2022.
             Was a Follower of Nemelex Xobeh.
             Annihilated by an orc warrior
             ... wielding a +2 long sword of holy wrath
              (29 damage)
             ... on level 1 of the Orcish Mines on July 12, 2022.
             The game lasted 01:46:46 (8731 turns).

Zyrden the Frost Mage (Demonspawn Ice Elementalist) Turns: 8731, Time: 01:46:47

HP:   -24/70 (73)   AC: 16    Str:  9    XL:     11   Next: 19%
MP:   9/24          EV: 12    Int: 20    God:    Nemelex Xobeh [*.....]
Gold: 531           SH:  0    Dex: 14    Spells: 21/28 levels left

rFire   . . .      SeeInvis .   r - staff of cold
rCold   + + .      Faith    .   (no shield)
rNeg    . . .      Spirit   .   j - +1 leather armour {rC+}
rPois   .          Reflect  .   (helmet restricted)
rElec   .          Harm     .   (no cloak)
rCorr   .          Rampage  .   (no gloves)
Will    .....                   (no boots)
Stlth   ++++......              (no amulet)
HPRegen 0.21/turn               x - +4 ring of protection
MPRegen 0.19/turn               (no ring)

@: ice-armoured, freezing walls, lightly drained
A: horns 1, demonic magic 3
a: Renounce Religion, Draw Escape, Draw Destruction, Draw Summoning


You were on level 1 of the Orcish Mines.
You worshipped Nemelex Xobeh.
Nemelex Xobeh was aware of your devotion.
You visited 3 branches of the dungeon, and saw 11 of its levels.
You also visited: Sewer.

You collected 531 gold pieces.

Inventory:

Hand Weapons
 a - a +1 falchion of distortion
 d - a +1 scimitar of flaming
 e - a +2 dagger of venom
 t - a +4 great sword of flaming
 u - a +4 mace
 w - a +0 short sword
Missiles
 g - 8 poisoned darts
 h - 3 curare-tipped darts
 s - a throwing net
Armour
 j - a +1 leather armour of cold resistance (worn)
Magical Staves
 r - a staff of cold (weapon)
Jewellery
 x - a +4 ring of protection (left hand)
Wands
 f - a wand of charming (13)
 v - a wand of iceblast (3)
Scrolls
 c - a scroll of amnesia
 k - a scroll of teleportation
 m - a scroll of summoning {unknown}
 p - a scroll of magic mapping {unknown}
 y - 2 scrolls of identify
Potions
 b - 2 potions of lignification
 i - a potion of might {unknown}
 l - 3 potions of brilliance {unknown}
 n - a potion of magic {unknown}
 o - a potion of attraction {unknown}
 q - a potion of degeneration {unknown}


   Skills:
 + Level 2.3 Fighting
 + Level 1.9(2.0) Short Blades
 + Level 0.4(1.3) Long Blades
 + Level 0.4 Staves
 + Level 2.4 Throwing
 + Level 3.2 Armour
 + Level 3.4 Dodging
 + Level 8.5 Stealth
 + Level 1.1 Unarmed Combat
 + Level 9.1 Spellcasting
 + Level 9.7 Ice Magic
 + Level 1.0 Evocations


You had 21 spell levels left.
You knew the following spells:

 Your Spells              Type           Power      Damage    Failure   Level
a - Freeze                Ice            100%       1d11      1%          1
b - Ozocubu's Armour      Ice            64%        N/A       1%          3
c - Frozen Ramparts       Ice            100%       1d12      1%          3

Your spell library contained the following spells:

 Spells                   Type           Power      Damage    Failure   Level
 Summon Small Mammal      Summ           36%        N/A       11%         1
 Hailstorm                Conj/Ice       42%        3d10      14%         4
 Call Canine Familiar     Summ           9%         N/A       30%         3
 Summon Guardian Golem    Hex/Summ       9%         N/A       30%         3


Dungeon Overview and Level Annotations

Branches:
Dungeon (9/15)             Temple (0/1) D:7            Lair (1/6) D:9
    Orc (1/2) D:9           Sewer (visited)

Altars:
Kikubaaqudgha
Nemelex Xobeh
Beogh

Shops:
D:2 !   D:6 ((   D:8 *

Annotations:
D:6 Maggie
D:7 1 runed translucent door, SnailSD's ghost, novice HOFi


Innate Abilities, Weirdness & Mutations

You have a pair of small horns on your head.
Spells you cast and wands you use may paralyse nearby enemies.


Message History

Aim: an orc high priest, wielding a +0 short sword and wearing a +0 leather armour (severely wounded, strong)
You feel a surge of power!
You freeze the orc high priest!
The orc high priest is almost dead.
Malevolent energies surge around you.
The orc warrior suddenly stops moving!
The wall freezes the orc high priest.
The orc high priest calls upon Beogh to heal the orc warrior.
The orc warrior is healed somewhat.
Casting: Freeze (safe; 1% risk of failure)
Confirm with . or Enter, or press ? or * to list all spells.
Aiming: Freeze (safe; 1% risk of failure)
Press: ? - help, Shift-Dir - straight line, f/p - orc high priest
Aim: an orc high priest, wielding a +0 short sword and wearing a +0 leather armour (almost dead, strong)
You feel a surge of power!
You freeze the orc high priest.
You kill the orc high priest!
Malevolent energies surge around you.
The orc sorcerer is no longer paralysed.
Your Spellcasting skill increases to level 9!
Your Evocations skill increases to level 1!
Casting: Freeze (safe; 1% risk of failure)
Confirm with . or Enter, or press ? or * to list all spells.
Aiming: Freeze (safe; 1% risk of failure)
Press: ? - help, Shift-Dir - straight line, f - orc warrior
Aim: an orc warrior, wielding a +2 long sword of holy wrath and wearing a +0 plate armour (moderately wounded, strong, paralysed)
Okay, then.
The helpless orc warrior fails to defend itself.
You hit the orc warrior but do no damage.
You freeze the orc warrior. You headbutt the orc warrior.
The orc warrior is heavily wounded.
The helpless orc warrior fails to defend itself.
You hit the orc warrior but do no damage.
You freeze the orc warrior.
The orc warrior is severely wounded.
The orc warrior is no longer paralysed.
The orc sorcerer gestures at you while chanting.
The bolt of negative energy hits you!!
You feel drained.
The orc warrior hits you with a +2 long sword of holy wrath!!
* * * LOW HITPOINT WARNING * * *
You convulse!!
You die...
Your body disappears without a glow.

....>........#
.............(..........
.............#(.........
..........o..#.#........
.......................#
.............#)())....
#))..>.......#..)#..
.#.#...........o))#
#.#...........o.@#
................##
#...##.....#....#
....#....>.....##
##.##......#....###
###......##.#....###
#.................##
##.........#.#.....#
#........##........#


You could see an orc sorcerer (strong, poisoned) and an orc warrior (strong).

Vanquished Creatures
  Harold (D:7)
  A two-headed ogre (D:8)
  An orc high priest (Orc:1)
  2 orc knights (Orc:1)
  A deep elf pyromancer (D:8)
  A hornet (D:5)
  3 humans (D:8)
  A warg (Orc:1)
  2 black bears (D:6)
  7 orc warriors
  A wolf (D:9)
  A centaur (D:7)
  3 ogres
  3 kobold brigands
  Blork the orc (D:6)
  6 bullfrogs
  17 killer bees
  9 wights
  A howler monkey (D:9)
  2 centaur zombies
  3 bullfrog zombies
  4 orc priests
  2 hounds
  3 jellies
  A gnoll shaman (D:8)
  4 iguanas
  5 orc wizards
  A hound skeleton (D:4)
  3 gnolls (D:8)
  8 adders
  A white imp (D:5)
  An ufetubus (D:6)
  2 worms
  A dart slug (D:3)
  32 orcs
  8 endoplasms
  3 giant cockroaches (D:2)
  3 goblins
  7 hobgoblins
  5 jackals
  3 quokkas
  3 ball pythons
  3 bats
  A frilled lizard (D:3)
  15 kobolds
  5 rats
191 creatures vanquished.

Vanquished Creatures (collateral kills)
  A two-headed ogre (Orc:1)
  Erica (Orc:1)
  An orc warrior (Orc:1)
  A necrophage (D:6)
  2 orc priests (Orc:1)
  2 orcs (Orc:1)
8 creatures vanquished.

Vanquished Creatures (others)
  A plant (D:6)
1 creature vanquished.

Grand Total: 200 creatures vanquished

Notes
Turn   | Place    | Note
-------+----------+-------------------------------------------
     0 | D:1      | Zyrden the Demonspawn Ice Elementalist began the quest for
                  | the Orb.
     0 | D:1      | Reached XP level 1. HP: 13/13 MP: 3/3
   387 | D:2      | Gained mutation: Spells you cast may paralyse adjacent
                  | enemies. [demonic ancestry]
   387 | D:2      | Reached XP level 2. HP: 10/19 MP: 3/5
  1022 | D:2      | Found Tonomell's Distillery.
  1149 | D:2      | Reached XP level 3. HP: 20/24 MP: 1/6
  1637 | D:3      | Found a glowing drain.
  1675 | D:3      | Gained mutation: You have a pair of small horns on your
                  | head. [demonic ancestry]
  1675 | D:3      | Reached XP level 4. HP: 13/30 MP: 1/7
  1923 | Sewer    | Entered a sewer
  2197 | Sewer    | Noticed a kobold brigand
  2209 | Sewer    | Killed a kobold brigand
  2210 | Sewer    | Reached skill level 1 in Unarmed Combat
  2210 | Sewer    | Reached XP level 5. HP: 6/35 MP: 5/9
  2627 | D:3      | Noticed an ogre
  2646 | D:3      | Killed an ogre
  2647 | D:3      | Gained mutation: Spells you cast may paralyse nearby
                  | enemies. [demonic ancestry]
  2647 | D:3      | Reached XP level 6. HP: 22/42 MP: 7/11
  3372 | D:5      | Entered Level 5 of the Dungeon
  3376 | D:6      | Noticed Maggie
  3376 | D:6      | Found Ommil's Antique Weapon Boutique.
  3426 | D:5      | Noticed a hornet
  3494 | D:5      | Killed a hornet
  3495 | D:5      | Reached skill level 1 in Armour
  3495 | D:5      | Reached skill level 5 in Ice Magic
  3495 | D:5      | Reached XP level 7. HP: 47/47 MP: 11/13
  3782 | D:5      | Found an ancient bone altar of Kikubaaqudgha.
  3787 | D:5      | Found a sparkling altar of Nemelex Xobeh.
  3798 | D:5      | Became a worshipper of Nemelex Xobeh the Trickster
  3922 | D:6      | Found Surouhuz's Hydra Hut.
  3925 | D:6      | Noticed a seven-headed hydra
  3949 | D:6      | Noticed Blork the orc
  4345 | D:6      | Reached skill level 1 in Fighting
  4345 | D:6      | Reached skill level 1 in Short Blades
  4361 | D:6      | Killed Blork the orc
  4621 | D:6      | Reached skill level 5 in Stealth
  4633 | D:6      | Learned a level 3 spell: Ozocubu's Armour
  4692 | D:6      | Reached XP level 8. HP: 54/54 MP: 11/15
  4936 | D:7      | Noticed Harold
  4942 | D:7      | Learned a level 3 spell: Frozen Ramparts
  4966 | D:7      | Killed Harold
  4967 | D:7      | Reached skill level 1 in Throwing
  4967 | D:7      | Reached skill level 5 in Spellcasting
  5200 | D:7      | Found a runed translucent door.
  5200 | D:7      | Noticed SnailSD's ghost (novice HOFi)
  5234 | D:7      | Found a staircase to the Ecumenical Temple.
  5522 | D:8      | Reached * piety under Nemelex Xobeh
  5540 | D:8      | Noticed a two-headed ogre
  5551 | D:8      | Killed a two-headed ogre
  5552 | D:8      | Gained mutation: Spells you cast and wands you use may
                  | paralyse nearby enemies. [demonic ancestry]
  5552 | D:8      | Reached XP level 9. HP: 59/59 MP: 9/18
  5848 | D:8      | Found Betiec's General Store.
  5926 | D:8      | Noticed a deep elf pyromancer
  5935 | D:8      | Killed a deep elf pyromancer
  6399 | D:8      | Reached XP level 10. HP: 62/63 MP: 13/20
  7682 | D:9      | Received a gift from Nemelex Xobeh
  7937 | D:9      | Found a staircase to the Lair.
  7945 | Lair:1   | Entered Level 1 of the Lair of Beasts
  7945 | Lair:1   | Noticed a cane toad
  8061 | D:9      | Found a staircase to the Orcish Mines.
  8323 | Orc:1    | Entered Level 1 of the Orcish Mines
  8327 | Orc:1    | Noticed Erica
  8330 | Orc:1    | Noticed a two-headed ogre
  8330 | Orc:1    | Noticed an orc knight
  8346 | Orc:1    | Killed a two-headed ogre
  8349 | Orc:1    | Killed an orc knight
  8352 | Orc:1    | Killed Erica
  8648 | Orc:1    | Noticed an orc high priest
  8667 | Orc:1    | Reached XP level 11. HP: 70/72 MP: 17/23
  8711 | Orc:1    | Noticed an orc knight
  8713 | Orc:1    | Noticed an orc sorcerer
  8724 | Orc:1    | Killed an orc knight
  8729 | Orc:1    | Killed an orc high priest
  8730 | Orc:1    | Reached skill level 1 in Evocations
  8731 | Orc:1    | Annihilated by an orc warrior

Illustrated notes

Levels and vault maps discovered:
D:1:      minmay_arrival_four_houses, layout_loops_corners,
          shapermc_ecumenical_altar_mp_urbaneastern, serial_shops,
          nicolae_lakefront_shop, minmay_nonomino_d4
D:2:      layout_rooms, serial_shops, nicolae_diamond_shop,
          chequers_serial_rivers_small_3
D:3:      layout_rooms, gup_sewer_entry_glass
D:4:      layout_loops_ring
D:5:      kennysheep_steamy, layout_basic, nicolae_overflow_squiral,
          serial_curves, eino_curves_01, eino_curves_02, eino_curves_03,
          eino_curves_03
D:6:      layout_rooms, gammafunk_temple_overflow_statue, nicolae_stop_n_shop_2,
          doesnt_shop_hydraphobe, uniq_edmund, uniq_maggie, uniq_pikel,
          uniq_duvessa, uniq_blork_the_orc
D:7:      layout_basic, minmay_temple_entry_slanted,
          hellmonk_ghost_happy_afterlife, uniq_harold
D:8:      layout_loops_ring, serial_shops, shop_fountains, minmay_ruffians
D:9:      layout_basic, lair_entry_dummy, minmay_orc_entry_temple_small
Lair:1:   layout_loops_ring, evilmike_ambush [evilmike_ambush_outer_basic,
          evilmike_ambush_inner_pond], grunt_megastairs_3
Orc:1:    layout_caves, serial_shops, uniq_erica

Skill      XL: |  1  2  3  4  5  6  7  8  9 10 11 |
---------------+----------------------------------+-----
Ice Magic      | 4 5 7 9 |  9.7
Stealth        | 2 3 4 5 6 7 8 |  8.5
Dodging        | 2 3 |  3.4
Unarmed Combat | 1 |  1.1
Spellcasting   | 3 4 6 7 8 9 |  9.1
Armour         | 1 2 3 |  3.2
Fighting       | 1 2 |  2.3
Short Blades   | 1 |  1.9
Throwing       | 1 2 |  2.4
Evocations     | 1 |  1.0
Long Blades    | |  0.4
Staves         | |  0.4

Action                   |  1- 3 |  4- 6 |  7- 9 | 10-12 || total
-------------------------+-------+-------+-------+-------++-------
Melee: Unarmed           |    79 |    26 |       |       ||   105
       Headbutt          |       |    20 |    24 |     8 ||    52
       Dagger            |       |    60 |    29 |       ||    89
       Staff             |       |       |    50 |    44 ||    94
       Punch             |       |       |     2 |       ||     2
       Great sword       |       |       |     1 |     8 ||     9
Throw: Dart              |     3 |     5 |    13 |    10 ||    31
 Cast: Freeze            |    42 |    45 |    62 |    43 ||   192
       Ozocubu's Armour  |       |       |     9 |    10 ||    19
       Frozen Ramparts   |       |       |    13 |    22 ||    35
Invok: Draw Destruction  |       |       |       |     1 ||     1
       Draw Summoning    |       |       |       |     1 ||     1
Evoke: Wand              |       |       |     1 |     6 ||     7
  Use: Scroll            |     2 |     6 |     1 |     4 ||    13
       Potion            |       |       |     3 |     3 ||     6
 Stab: Paralysed         |    25 |    18 |    38 |    20 ||   101
       Sleeping          |       |       |       |     1 ||     1
Armor: Robe              |    13 |     3 |       |       ||    16
       Leather armour    |       |     8 |    18 |    29 ||    55
       Chain mail        |       |       |     6 |       ||     6
       Skin              |       |       |     1 |       ||     1
Dodge: Dodged            |    53 |    63 |    65 |    48 ||   229
